 Dungeon Crawl Stone Soup version 0.22.1-1-ga44c0e56f4 (webtiles) character file.

23018 Morbidden the Grappler (level 13, -11/147 HPs)
             Began as a Gnoll Transmuter on Oct 28, 2018.
             Was an Elder of Cheibriados.
             Mangled by a death yak (14 damage)
             ... on level 2 of the Lair of Beasts.
             The game lasted 00:45:29 (13316 turns).

Morbidden the Grappler (Gnoll Transmuter)          Turns: 13316, Time: 00:45:29

Health: -11/147    AC: 26    Str: 33 (34) XL:     13   Next: 4%
Magic:  26/26      EV:  2    Int: 25 (26) God:    Cheibriados [****..]
Gold:   309        SH:  0    Dex: 28 (30) Spells: 29/30 levels left

rFire    . . .     SeeInvis .   a - +5 scimitar (flame)
rCold    . . .     Gourm    .   (no shield)
rNeg     + + +     Faith    .   (armour currently unavailable)
rPois    +         Spirit   .   (helmet currently unavailable)
rElec    .         Reflect  .   (cloak currently unavailable)
rCorr    .         Harm     .   (gloves currently unavailable)
MR       .....     NoTele   +   (boots currently unavailable)
Stlth    ++++++....             x - amulet of regeneration
HPRegen  0.74/turn              z - +2 ring of strength
MPRegen  0.20/turn              I - ring of wizardry

@: mighty, agile, tree-form, very slightly contaminated, invisible, very slow
A: distributed training, clever 1, strong nose
a: Bend Time, Temporal Distortion, Slouch, Renounce Religion


You were on level 2 of the Lair of Beasts.
You worshipped Cheibriados.
Cheibriados was greatly pleased with you.
You were not hungry.
You were a tree.
You visited 3 branches of the dungeon, and saw 14 of its levels.
You also visited: Ossuary.

You collected 617 gold pieces.
You spent 308 gold pieces at shops.

Inventory:

Hand Weapons
 a - a +5 scimitar of flaming (weapon)
 b - a +1 shortbow of flaming
Missiles
 t - 7 tomahawks (quivered)
 G - 241 arrows
Armour
 n - a +0 cloak (melded)
 o - a +0 pair of boots (melded)
 u - a +1 crystal plate armour (melded)
 B - a cursed +0 pair of gloves (melded)
 E - the -2 hat of the Alchemist (melded) {rElec rPois rF+ rC+ rN+ MR+ rMut rCorr}
   (You found it on level 7 of the Dungeon)

   It protects you from fire.
   It protects you from cold.
   It insulates you from electricity.
   It protects you from poison.
   It protects you from negative energy.
   It affects your resistance to hostile enchantments.
   It provides partial protection from all sources of acid and corrosion.
   It protects you from mutation.
 O - a +0 shield
Jewellery
 j - an uncursed ring of ice
 m - an uncursed ring of ice
 x - an amulet of regeneration (around neck)
 z - a +2 ring of strength (left branch)
 A - an uncursed ring of poison resistance
 I - a ring of wizardry (right branch)
Wands
 f - a wand of iceblast (4)
 p - a wand of disintegration (11)
 v - a wand of paralysis (22)
 y - a wand of flame (72)
 F - a wand of enslavement (14)
 N - a wand of polymorph (20)
Scrolls
 c - 2 scrolls of noise {unknown}
 e - 7 scrolls of identify
 k - 4 scrolls of amnesia
 q - 5 scrolls of random uselessness
 s - 5 scrolls of teleportation
 w - 5 scrolls of remove curse
 H - a scroll of enchant armour
 K - 2 scrolls of magic mapping
 M - a scroll of summoning {unknown}
Potions
 g - a potion of mutation
 i - a potion of brilliance
 l - 3 potions of resistance
 D - 2 potions of magic
 J - a potion of degeneration
Comestibles
 d - 15 rations
 Q - 4 chunks of flesh


   Skills:
 + Level 8.2 Fighting
 + Level 7.7 Short Blades
 + Level 7.7 Long Blades
 + Level 7.7 Axes
 + Level 7.7 Maces & Flails
 + Level 7.7 Polearms
 + Level 7.7 Staves
 + Level 7.7 Slings
 + Level 7.7 Bows
 + Level 7.7 Crossbows
 + Level 7.7 Throwing
 + Level 7.7 Armour
 + Level 9.1 Dodging
 + Level 7.7 Stealth
 + Level 7.7 Shields
 + Level 10.1 Unarmed Combat
 + Level 9.3 Spellcasting
 + Level 6.4 Conjurations
 + Level 6.4 Hexes
 + Level 6.4 Charms
 + Level 6.4 Summonings
 + Level 6.4 Necromancy
 + Level 6.4 Translocations
 + Level 7.5 Transmutations
 + Level 6.4 Fire Magic
 + Level 6.4 Ice Magic
 + Level 6.4 Air Magic
 + Level 6.4 Earth Magic
 + Level 6.4 Poison Magic
 + Level 8.5 Invocations
 + Level 7.7 Evocations


You had 29 spell levels left.
You knew the following spells:

 Your Spells              Type           Power        Failure   Level  Hunger
a - Beastly Appendage     Tmut           #####.       1%          1    None

Your spell library contained the following spells:

 Spells                   Type           Power        Failure   Level  Hunger
 Apportation              Tloc           #####.       1%          1    None
 Confusing Touch          Hex            #####.       1%          1    None
 Magic Dart               Conj           ####         1%          1    None
 Summon Butterflies       Summ           #####...     1%          1    None
 Blink                    Tloc           N/A          1%          2    None
 Call Imp                 Summ           #####...     1%          2    None
 Slow                     Hex            #####...     1%          2    None
 Sticks to Snakes         Tmut           #####...     1%          2    None
 Confuse                  Hex            #####...     1%          3    None
 Conjure Flame            Conj/Fire      #####...     1%          3    None
 Gell's Gravitas          Tloc           #####.....   1%          3    None
 Lesser Beckoning         Tloc           #####.....   1%          3    None
 Mephitic Cloud           Conj/Pois/Air  #####...     1%          3    None
 Spider Form              Tmut/Pois      #####.....   1%          3    None
 Tukima's Dance           Hex            #####...     1%          3    None
 Ice Form                 Ice/Tmut       #####...     1%          4    #......
 Petrify                  Tmut/Erth      #####...     1%          4    #......
 Blade Hands              Tmut           #####.....   2%          5    ####...
 Alistair's Intoxication  Tmut/Pois      #####...     3%          5    ####...
 Yara's Violent Unravell  Hex/Tmut       #####.....   3%          5    ####...
 Metabolic Englaciation   Hex/Ice        #####.....   4%          5    ####...
 Invisibility             Hex            #####...     22%         6    ######.


Dungeon Overview and Level Annotations

Branches:
Dungeon (11/15)            Temple (1/1) D:6            Lair (2/6) D:9
 Shoals (0/4) Lair:2          Orc (0/2) D:11
  Snake: Lair:2-4    Spider: Lair:2-4

Altars:
Cheibriados
Dithmenos
Elyvilon
Fedhas
Hepliaklqana
Makhleb
Nemelex Xobeh
Okawaru
Qazlal
Ru
Sif Muna
Trog
Uskayaw
Vehumet
Wu Jian
Xom
Yredelemnul
Zin
The Shining One

Shops:
D:4 !   D:9 *

Annotations:
D:8 Gastronok


Innate Abilities, Weirdness & Mutations

Your experience applies equally to all skills.
((You have very sharp teeth.))
Your uncanny sense of smell can sniff out nearby items.
Your mind is acute. (Int +2)


Message History

You slice the yak!! You burn the yak!
You kill the yak!
Cheibriados thoroughly appreciates the change of pace.
You can now inflict damage on those overly hasty.
Cheibriados raises the support of your attributes as your movement slows.
You feel your strength returning. The death yak gores you.
* * * LOW HITPOINT WARNING * * *
The yak gores you but does no damage.
It was a potion of invisibility.
You fade into invisibility!
The death yak gores you but does no damage.
The yak gores you but does no damage. The yak gores you.
* * * LOW HITPOINT WARNING * * *
You are very lightly contaminated with residual magic.
Unknown command.
It was a potion of agility.
You feel agile all of a sudden. The death yak gores you!
You die...

#..P.#.......#####Y.Y.......
.........Y...# ##........?
.....##≈.Y≈Y.# P.........
.....##≈≈Y≈Y.# #..........
.....##≈≈≈≈#Y.# #..........
.....##≈≈≈≈#Y## ##..$......
......≈≈≈≈≈#.### #.........
......≈≈≈≈≈≈.#.#######....
...>.###≈≈##YYYY♣Y......
............$#.##Y......
.............#..........
...................##P#.
..............P....# #
.............##....##
....................#
...................##
.............##....###P


You could see a death yak and 5 yaks.

Vanquished Creatures
  Snorg (D:11)
  A hydra (Lair:1)
  Erica (D:11)
  2 two-headed ogres (D:10)
  3 death yaks (Lair:2)
  A manticore (D:11)
  2 black mambas
  4 merfolk sirens (Lair:2)
  A gargoyle (D:11)
  6 spiny frogs
  6 komodo dragons
  2 trolls
  6 hippogriffs
  9 blink frogs (Lair:2)
  Sigmund (D:2)
  A wyvern (D:11)
  5 yaks
  2 hungry ghosts
  A wraith (D:11)
  Grum (D:8)
  Menkaure (D:6)
  4 porcupines
  2 water moccasins
  4 black bears
  5 orc warriors
  3 ice beasts
  3 phantoms
  5 sky beasts
  3 wolves (D:8)
  4 ogres
  5 centaurs
  A big kobold (D:8)
  7 bullfrogs
  A water moccasin zombie (D:8)
  3 scorpions
  11 killer bees
  4 wights (D:7)
  3 electric eels
  12 crimson imps
  5 centaur zombies
  3 hounds
  3 jellies
  12 orc priests
  2 bullfrog skeletons
  9 orc wizards
  9 worker ants
  2 iguanas
  A killer bee zombie (D:10)
  2 big kobold zombies (Ossuary)
  A hound zombie (D:5)
  4 mummies (Ossuary)
  A howler monkey zombie (D:9)
  A worker ant zombie (D:5)
  2 howler monkey skeletons
  3 gnolls (D:4)
  15 adders
  3 shadow imps
  2 oozes
  An adder zombie (D:9)
  3 adder skeletons
  5 worms
  11 leopard geckos
  42 orcs
  3 giant cockroaches
  4 goblins
  10 hobgoblins
  19 jackals
  11 kobolds
  3 quokkas
  2 ball pythons
  5 bats
  5 frilled lizards
  2 hobgoblin zombies (Ossuary)
  A quokka skeleton (D:5)
  6 rats
350 creatures vanquished.

Vanquished Creatures (others)
  2 fungi (Lair:2)
  10 plants
12 creatures vanquished.

Grand Total: 362 creatures vanquished

Notes
Turn   | Place    | Note
-------+----------+-------------------------------------------
     0 | D:1      | Morbidden the Gnoll Transmuter began the quest for the Orb.
     0 | D:1      | Reached XP level 1. HP: 17/17 MP: 6/6
   213 | D:1      | Reached XP level 2. HP: 23/23 MP: 5/7
   777 | D:1      | Reached XP level 3. HP: 28/28 MP: 7/9
   895 | D:2      | Reached skill level 5 in Spellcasting
  1132 | D:2      | Reached skill level 1 in Invocations
  1294 | D:2      | Noticed Sigmund
  1314 | D:2      | Killed Sigmund
  1314 | D:2      | Reached skill level 1 in Short Blades
  1314 | D:2      | Reached skill level 1 in Long Blades
  1314 | D:2      | Reached skill level 1 in Axes
  1314 | D:2      | Reached skill level 1 in Maces & Flails
  1314 | D:2      | Reached skill level 1 in Polearms
  1314 | D:2      | Reached skill level 1 in Staves
  1314 | D:2      | Reached skill level 1 in Slings
  1314 | D:2      | Reached skill level 1 in Bows
  1314 | D:2      | Reached skill level 1 in Crossbows
  1314 | D:2      | Reached skill level 1 in Throwing
  1314 | D:2      | Reached skill level 1 in Armour
  1314 | D:2      | Reached skill level 1 in Stealth
  1314 | D:2      | Reached skill level 1 in Shields
  1314 | D:2      | Reached skill level 1 in Conjurations
  1314 | D:2      | Reached skill level 1 in Hexes
  1314 | D:2      | Reached skill level 1 in Charms
  1314 | D:2      | Reached skill level 1 in Summonings
  1314 | D:2      | Reached skill level 1 in Necromancy
  1314 | D:2      | Reached skill level 1 in Translocations
  1314 | D:2      | Reached skill level 1 in Fire Magic
  1314 | D:2      | Reached skill level 1 in Ice Magic
  1314 | D:2      | Reached skill level 1 in Air Magic
  1314 | D:2      | Reached skill level 1 in Earth Magic
  1314 | D:2      | Reached skill level 1 in Poison Magic
  1314 | D:2      | Reached skill level 1 in Evocations
  1314 | D:2      | Reached XP level 4. HP: 33/35 MP: 11/11
  1314 | D:2      | Reached XP level 5. HP: 38/41 MP: 12/12
  1321 | D:2      | Found a basalt altar of Yredelemnul.
  1875 | D:3      | Reached XP level 6. HP: 34/47 MP: 13/13
  2490 | D:4      | Reached skill level 5 in Dodging
  2559 | D:4      | HP: 2/47 [poisoned by a worker ant]
  2900 | D:4      | Reached XP level 7. HP: 47/52 MP: 15/15
  3091 | D:4      | Reached skill level 7 in Unarmed Combat
  3273 | D:4      | Found Toyczigyxyu's Distillery.
  3277 | D:4      | Noticed a hungry ghost
  3322 | D:4      | Killed a hungry ghost
  3331 | D:4      | Bought a potion of lignification for 30 gold pieces
  3331 | D:4      | Bought a potion of heal wounds for 50 gold pieces
  3331 | D:4      | Bought a potion of lignification for 30 gold pieces
  3595 | D:4      | Found a glowing silver altar of Zin.
  3700 | D:5      | Entered Level 5 of the Dungeon
  3753 | D:5      | Reached XP level 8. HP: 60/60 MP: 16/16
  3890 | D:5      | Found a stormy altar of Qazlal.
  4204 | D:4      | Found a hazy altar of Hepliaklqana.
  4225 | D:5      | You fall through a shaft for 3 floors!
  4225 | D:8      | Noticed Gastronok
  4572 | D:8      | Found a deep blue altar of Sif Muna.
  4737 | D:7      | Reached XP level 9. HP: 20/66 MP: 18/18
  4858 | D:7      | Reached skill level 5 in Transmutations
  4865 | D:7      | Found a sand-covered staircase.
  4901 | Ossuary  | Entered an ossuary
  5588 | D:7      | Reached skill level 5 in Fighting
  5765 | D:6      | Noticed Menkaure
  5771 | D:6      | Killed Menkaure
  5771 | D:6      | Reached skill level 8 in Unarmed Combat
  5918 | D:6      | Reached skill level 5 in Invocations
  6223 | D:5      | Found a blossoming altar of Fedhas.
  6461 | D:6      | Found a staircase to the Ecumenical Temple.
  6479 | Temple   | Entered the Ecumenical Temple
  6486 | Temple   | Became a worshipper of Cheibriados the Contemplative
  6762 | D:7      | Found the -2 hat of the Alchemist {rElec rPois rF+ rC+ rN+
                  | MR+ rMut rCorr}
  6794 | D:7      | Reached XP level 10. HP: 55/74 MP: 20/20
  7059 | D:7      | Paralysed by an orc for 2 turns
  7266 | D:7      | Reached * piety under Cheibriados
  7287 | D:7      | Reached skill level 5 in Short Blades
  7287 | D:7      | Reached skill level 5 in Long Blades
  7287 | D:7      | Reached skill level 5 in Axes
  7287 | D:7      | Reached skill level 5 in Maces & Flails
  7287 | D:7      | Reached skill level 5 in Polearms
  7287 | D:7      | Reached skill level 5 in Staves
  7287 | D:7      | Reached skill level 5 in Slings
  7287 | D:7      | Reached skill level 5 in Bows
  7287 | D:7      | Reached skill level 5 in Crossbows
  7287 | D:7      | Reached skill level 5 in Throwing
  7287 | D:7      | Reached skill level 5 in Armour
  7287 | D:7      | Reached skill level 5 in Stealth
  7287 | D:7      | Reached skill level 5 in Shields
  7287 | D:7      | Reached skill level 5 in Evocations
  7644 | D:4      | Bought a potion of lignification for 30 gold pieces
  7644 | D:4      | Bought a potion of lignification for 30 gold pieces
  7644 | D:4      | Bought a potion of resistance for 100 gold pieces
  8506 | D:8      | Noticed Grum
  8531 | D:8      | Killed Grum
  8776 | D:9      | Found an ornate altar of the Wu Jian Council.
  8807 | D:9      | Reached ** piety under Cheibriados
  8973 | D:9      | Found Lotoer's Assorted Antiques.
  8979 | D:9      | Bought a wand of paralysis (19) for 38 gold pieces
  9232 | D:9      | Found a staircase to the Lair.
  9361 | D:10     | Entered Level 10 of the Dungeon
  9404 | D:10     | Reached XP level 11. HP: 78/82 MP: 22/22
  9411 | D:10     | Noticed a two-headed ogre
  9421 | D:10     | Killed a two-headed ogre
  9615 | D:10     | Noticed a two-headed ogre
  9628 | D:10     | Killed a two-headed ogre
  9628 | D:10     | Reached skill level 9 in Unarmed Combat
  9628 | D:10     | Reached skill level 5 in Conjurations
  9628 | D:10     | Reached skill level 5 in Hexes
  9628 | D:10     | Reached skill level 5 in Charms
  9628 | D:10     | Reached skill level 5 in Summonings
  9628 | D:10     | Reached skill level 5 in Necromancy
  9628 | D:10     | Reached skill level 5 in Translocations
  9628 | D:10     | Reached skill level 5 in Fire Magic
  9628 | D:10     | Reached skill level 5 in Ice Magic
  9628 | D:10     | Reached skill level 5 in Air Magic
  9628 | D:10     | Reached skill level 5 in Earth Magic
  9628 | D:10     | Reached skill level 5 in Poison Magic
 10081 | D:11     | Noticed Snorg
 10119 | D:11     | Killed Snorg
 10246 | D:11     | Reached *** piety under Cheibriados
 10445 | D:11     | Noticed a manticore
 10458 | D:11     | Killed a manticore
 10796 | D:11     | Noticed Erica
 10818 | D:11     | Killed Erica
 11291 | D:11     | Reached **** piety under Cheibriados
 11311 | D:11     | Found a staircase to the Orcish Mines.
 11426 | Lair:1   | Entered Level 1 of the Lair of Beasts
 11504 | Lair:1   | Reached XP level 12. HP: 88/91 MP: 24/24
 11519 | Lair:1   | Noticed an eight-headed hydra
 11529 | Lair:1   | Killed a two-headed hydra
 12647 | Lair:2   | Gained mutation: Your mind is acute. (Int +2) [potion of
                  | mutation]
 13048 | Lair:2   | Found a staircase to the Shoals.
 13092 | Lair:2   | Noticed a death yak
 13097 | Lair:2   | Noticed a death yak
 13100 | Lair:2   | Noticed a death yak
 13101 | Lair:2   | Noticed a death yak
 13149 | Lair:2   | Reached skill level 10 in Unarmed Combat
 13296 | Lair:2   | Killed a death yak
 13306 | Lair:2   | Killed a death yak
 13310 | Lair:2   | Killed a death yak
 13310 | Lair:2   | Reached XP level 13. HP: 21/98 MP: 26/26
 13313 | Lair:2   | HP: 5/147 [death yak (7)]
 13315 | Lair:2   | HP: 2/147 [yak (3)]
 13316 | Lair:2   | Mangled by a death yak

Skill      XL: |  1  2  3  4  5  6  7  8  9 10 11 12 |
---------------+-------------------------------------+-----
Spellcasting   | 5 6 7 8 9 |  9.3
Invocations    | 1 2 3 4 5 6 7 8 |  8.5
Fighting       | 3 4 5 6 7 8 |  8.2
Short Blades   | 1 2 3 4 5 6 7 |  7.7
Long Blades    | 1 2 3 4 5 6 7 |  7.7
Axes           | 1 2 3 4 5 6 7 |  7.7
Maces & Flails | 1 2 3 4 5 6 7 |  7.7
Polearms       | 1 2 3 4 5 6 7 |  7.7
Staves         | 1 2 3 4 5 6 7 |  7.7
Slings         | 1 2 3 4 5 6 7 |  7.7
Bows           | 1 2 3 4 5 6 7 |  7.7
Crossbows      | 1 2 3 4 5 6 7 |  7.7
Throwing       | 1 2 3 4 5 6 7 |  7.7
Armour         | 1 2 3 4 5 6 7 |  7.7
Stealth        | 1 2 3 4 5 6 7 |  7.7
Shields        | 1 2 3 4 5 6 7 |  7.7
Conjurations   | 1 2 3 4 5 6 |  6.4
Hexes          | 1 2 3 4 5 6 |  6.4
Charms         | 1 2 3 4 5 6 |  6.4
Summonings     | 1 2 3 4 5 6 |  6.4
Necromancy     | 1 2 3 4 5 6 |  6.4
Translocations | 1 2 3 4 5 6 |  6.4
Transmutations | 4 5 6 7 |  7.5
Fire Magic     | 1 2 3 4 5 6 |  6.4
Ice Magic      | 1 2 3 4 5 6 |  6.4
Air Magic      | 1 2 3 4 5 6 |  6.4
Earth Magic    | 1 2 3 4 5 6 |  6.4
Poison Magic   | 1 2 3 4 5 6 |  6.4
Evocations     | 1 2 3 4 5 6 7 |  7.7
Dodging        | 5 6 7 8 9 |  9.1
Unarmed Combat | 7 8 9 10 | 10.1

Action                   |  1- 3 |  4- 6 |  7- 9 | 10-12 | 13-15 || total
-------------------------+-------+-------+-------+-------+-------++-------
Melee: Unarmed           |   104 |   148 |   595 |   400 |       ||  1247
       Headbutt          |     2 |       |       |    15 |       ||    17
       Punch             |     3 |     5 |    10 |    17 |       ||    35
       Kick              |     2 |       |       |       |       ||     2
       Bite              |     7 |    17 |    69 |   102 |       ||   195
       Scimitar          |       |       |       |   182 |     2 ||   184
 Fire: Shortbow          |       |       |       |   285 |       ||   285
Throw: Tomahawk          |       |     3 |       |     3 |       ||     6
 Cast: Beastly Appendage |     8 |     1 |       |     3 |       ||    12
Invok: Slouch            |       |       |       |     2 |       ||     2
       Temporal Distorti |       |       |       |     2 |       ||     2
Evoke: Wand              |       |     1 |    18 |    15 |       ||    34
  Use: Potion            |     7 |       |     5 |    12 |     4 ||    28
       Scroll            |       |       |     7 |     9 |       ||    16
 Stab: Paralysed         |       |       |       |     9 |       ||     9
  Eat: Chunk             |     1 |     5 |     8 |    14 |       ||    28
       Ration            |       |       |     6 |     2 |       ||     8
Armor: Robe              |     4 |       |       |       |       ||     4
       Chain mail        |    30 |    79 |       |       |       ||   109
       Crystal plate arm |       |     4 |   517 |   547 |       ||  1068
       Skin              |       |       |    22 |    44 |     9 ||    75
Dodge: Dodged            |    44 |    64 |    61 |   265 |       ||   434
Block: Shield            |       |       |       |    28 |       ||    28
       Rpst.: Scimitar   |       |       |       |    23 |       ||    23
